AoeStats
← KOF Bzazel

Black Forest

513645277Analyzed
3v3 RM · 5d ago on Oct 14, 2026· 42m 6s· 6 players
Game mode
Random Map
Map size
Normal (6 player)
Population
200
Speed
Normal
Resources
Standard
Victory
Conquest
Starting age
Dark Age
Ending age
Imperial Age
RankedLock teamsTeams togetherTeam positionsShared explorationLock speedFull tech treeHidden civsTurbo modeCheats
Victory
Defeat
🇨🇿 Persians · Czechia
1897
+5
🇨🇿 Spanish · Czechia
1797
+7
🇨🇿 Britons · Czechia
1619
+13
vs
🇵🇪 Bulgarians · Peru
1652
-11
🇵🇪 Shu · Peru
1623
-9
🇦🇷 Lithuanians · Argentina
1479
-5
KOF Bzazel
0:29 Loom
9:48 Feudal Age
15:15 Double-Bit Axe
20:40 Castle Age
19:58 Gold Mining
19:50 Horse Collar
20:25 Fletching
21:19 Bodkin Arrow
22:38 Crossbowman
24:04 Padded Archer Armor
25:40 Wheelbarrow
24:50 Town Watch
26:47 Ballistics
30:00 Fishing Lines
40:31 Thumb Ring
[KOF] ReKieM
2:09 Loom
16:02 Feudal Age
19:39 Double-Bit Axe
20:50 Fishing Lines
24:10 Castle Age
24:55 Gold Mining
29:29 Imperial Age
27:51 Bow Saw
28:39 Scale Barding Armor
29:51 Chain Barding Armor
30:12 Wheelbarrow
30:11 Forging
32:44 Plate Barding Armor
32:58 Conscription
33:39 Iron Casting
35:04 Blast Furnace
35:05 Town Watch
36:16 Gold Shaft Mining
35:53 Fletching
36:20 Bodkin Arrow
37:07 Stirrups
38:05 Bracer
38:21 Scale Mail Armor
40:16 Chain Mail Armor
41:09 Plate Mail Armor
41:07 Elite Konnik
[KOF] JoakoM
6:10 Loom
11:05 Feudal Age
14:53 Castle Age
12:52 Double-Bit Axe
17:02 Bow Saw
17:55 Wheelbarrow
19:00 Fishing Lines
22:50 Gillnets
23:40 Stone Mining
23:42 Gold Mining
24:14 Horse Collar
25:10 Stone Shaft Mining
25:32 Hand Cart
29:26 Imperial Age
27:19 Heavy Plow
27:25 Scale Barding Armor
27:31 Forging
28:41 Chain Barding Armor
28:56 Iron Casting
28:28 Husbandry
28:38 Bloodlines
29:27 Elite Leitis
30:43 Plate Barding Armor
31:16 Chemistry
31:15 Conscription
31:43 Fletching
35:29 Bodkin Arrow
38:03 Two-Man Saw
37:34 Crop Rotation
39:13 Caravan
39:51 Scale Mail Armor
40:13 Pikeman
40:54 Squires
40:39 Arson
41:11 Chain Mail Armor
klubaska
11:58 Feudal Age
12:54 Double-Bit Axe
16:42 Castle Age
15:14 Horse Collar
17:38 Bow Saw
17:43 Heavy Plow
18:41 Wheelbarrow
19:36 Fishing Lines
19:44 Loom
21:35 Gold Mining
21:51 Stone Mining
22:55 Hand Cart
22:56 Gillnets
24:29 Town Watch
25:23 Gold Shaft Mining
25:24 Scale Barding Armor
27:55 Imperial Age
26:08 Forging
26:28 Chain Barding Armor
28:11 Iron Casting
28:49 Plate Barding Armor
29:06 Plate Barding Armor
28:35 Husbandry
28:45 Bloodlines
28:24 Elite War Elephant
29:41 Conscription
30:25 Blast Furnace
28:53 Pikeman
30:03 Squires
30:04 Scale Mail Armor
30:11 Halberdier
32:55 Devotion
34:11 Chain Mail Armor
35:10 Faith
35:48 Arson
38:46 Caravan
41:38 Plate Mail Armor
43:07 Crop Rotation
DanielCZ
0:34 Loom
10:02 Feudal Age
10:30 Double-Bit Axe
16:43 Castle Age
17:34 Bow Saw
26:59 Wheelbarrow
26:07 Horse Collar
28:04 Gold Mining
31:58 Imperial Age
29:53 Hand Cart
31:09 Heavy Plow
31:22 Masonry
31:26 Padded Archer Armor
33:41 Chemistry
33:25 Scale Barding Armor
34:38 Bloodlines
33:48 Light Cavalry
35:01 Conscription
34:56 Husbandry
35:16 Fishing Lines
36:37 Hussar
39:26 Scale Mail Armor
39:49 Chain Barding Armor
40:54 Elite Conquistador
Noxx
0:43 Loom
13:11 Feudal Age
14:28 Double-Bit Axe
20:57 Castle Age
18:55 Fishing Lines
22:00 Bow Saw
23:05 Horse Collar
25:08 Gillnets
27:59 Gold Mining
28:45 Wheelbarrow
32:51 Imperial Age
31:10 Fletching
31:37 Masonry
31:50 Ballistics
31:55 Bodkin Arrow
32:39 Padded Archer Armor
34:33 Chemistry
33:36 Bracer
33:23 Pikeman
34:04 Scale Mail Armor
34:15 Forging
35:02 Fortified Wall
36:30 Iron Casting
36:24 Squires
36:05 Halberdier
39:06 Chain Mail Armor
39:26 Iron Casting
39:17 Hand Cart
40:57 Elite Longbowman
43:22 Two-Man Saw
Connection lost

Rejoining the realm…

Still unreachable

The connection could not be restored.

Session expired

The server has moved on; the page needs a fresh start.